 Dungeon Crawl Stone Soup version 0.28.0-1-gb440e238dd (webtiles) character file.

Game seed: 7236663446842965068

67 funkygono the Firebug (level 4, 0/36 HPs)
             Began as a Gargoyle Fire Elementalist on Feb 25, 2022.
             Slain by an orc priest (2 damage)
             ... on level 3 of the Dungeon.
             The game lasted 00:04:54 (2139 turns).

funkygono the Firebug (Gargoyle Fire Elementalist)  Turns: 2139, Time: 00:04:55

Health: 0/36       AC: 22    Str:  9 (11) XL:     4   Next: 16%
Magic:  5/8        EV: -1    Int: 15 (18) God:
Gold:   58         SH:  0    Dex:  9 (10) Spells: 3/9 levels left

rFire   + . .      SeeInvis .   b - +0 mace
rCold   . . .      Faith    .   (no shield)
rNeg    + . .      Spirit   .   (armour currently unavailable)
rPois   ∞          Reflect  .   (helmet currently unavailable)
rElec   .          Harm     .   (cloak currently unavailable)
rCorr   .          Rampage  .   (gloves currently unavailable)
Will    .....      NoTele   +   (boots currently unavailable)
Stlth   ++........              (no amulet)
HPRegen 0.12/turn               g - ring of protection from fire
MPRegen 0.11/turn               (no ring)

@: tree-form, constricted
A: stationary, stasis, torment immunity, boosted hp, sickness immunity, AC +3,
negative energy resistance 1, (electricity resistance), torment resistance 1,
petrification resistance
a: no special abilities


You were on level 3 of the Dungeon.
You were a tree.
You visited 1 branch of the dungeon, and saw 3 of its levels.

You collected 58 gold pieces.

Inventory:

Hand Weapons
 b - a +0 mace (weapon)
Missiles
 f - 75 stones
Armour
 a - a +0 robe (melded)
Magical Staves
 c - a staff of death
 j - a staff of air
Jewellery
 g - a ring of protection from fire (left branch)
Scrolls
 d - a scroll of identify
 i - a scroll of blinking {unknown}
 m - a scroll of vulnerability {unknown}
Potions
 e - 2 potions of mutation


   Skills:
 + Level 0.1 Maces & Flails
 + Level 1.7 Dodging
 - Level 2.1 Stealth
 * Level 3.1 Spellcasting
 * Level 1.6 Conjurations
 * Level 3.7 Fire Magic


You had 3 spell levels left.
You knew the following spells:

 Your Spells              Type           Power      Damage    Failure   Level
a - Foxfire               Conj/Fire      40%        2x1d6     7%          1
b - Scorch                Fire           26%        2d6       6%          2
c - Conjure Flame         Conj/Fire      10%        6-21      21%         3

Your spell library contained the following spells:

 Spells                   Type           Power      Damage    Failure   Level
 Inner Flame              Hex/Fire       7%         N/A       28%         3
 Tukima's Dance           Hex            2%         N/A       52%         3
 Flame Wave               Conj/Fire      10%        2d5       54%         4
 Passage of Golubria      Tloc           2%         N/A       89%         4
 Yara's Violent Unravell  Hex/Tmut       1%         3d3       99%         5


Dungeon Overview and Level Annotations

Branches:
Dungeon (3/15)

Altars:
Nemelex Xobeh

Shops:
D:2 [


Innate Abilities, Weirdness & Mutations

You are a tree.
Your roots penetrate the ground, keeping you stationary.
You cannot be teleported.
You are immune to unholy pain and torment.
Your maximum health is greatly increased.
Your equipment is partially melded.
You are immune to sickness and miasma.
((Your stone body is resilient. (AC +3)))
You are immune to poison.
You resist negative energy. (rN+)
((You are resistant to electric shocks. (rElec)))
You are resistant to unholy torment.
You are immune to petrification.


Message History

* * * LOW HITPOINT WARNING * * *
It was a potion of degeneration.
There was something very wrong with that liquid.
You feel weakened.
You feel dopey.
You feel clumsy. The ball python misses you. The ball python constricts you.
The orc barely misses you. The orc priest barely misses you.
It was a potion of lignification.
You turn into a tree.
Your +0 robe melds into your body.
Your roots penetrate the ground.
The ball python bites you but does no damage.
The ball python constricts you. The orc hits you but does no damage.
The orc priest hits you but does no damage.
The ball python bites you but does no damage.
The ball python constricts you.
Okay, then.
As you read the scroll labelled JEAPLU NI VURGH, it crumbles to dust.
You feel aware of your surroundings.
It was a scroll of magic mapping.
The orc hits you with a +0 club.
* * * LOW HITPOINT WARNING * * *
The ball python bites you but does no damage.
The ball python constricts you.
Casting: Foxfire (safe; 7% risk of failure)
Confirm with . or Enter, or press ? or * to list all spells.
Okay, then.
You closely miss the orc priest.
A magic dart appears from out of thin air!
The magic dart hits you but does no damage.
The ball python bites you but does no damage.
The ball python constricts you. The orc hits you but does no damage.
The orc priest hits you but does no damage.
You hit the orc priest but do no damage.
The ball python bites you but does no damage.
The ball python constricts you. The orc hits you but does no damage.
The orc priest hits you but does no damage. x2
The ball python completely misses you. The ball python constricts you.
You barely miss the orc priest.
The ball python bites you but does no damage.
The ball python constricts you.
* * * LOW HITPOINT WARNING * * *
The orc priest hits you with a +0 morningstar.
You die...

###...## ***,***,* *,#...##<###
##.## *,***.##*,#......... #.#
*,,,...,,,#...##.### #.#
****#.#**#........# ##'## ##.##
#.#.###..## ##..o## #...#
#.#.###.... ##.....##
####...###.#..###.## #.......##
##..o.....#.##.#.#.#
.........####..o♣..........†...##
.........'.....So................
.........####...#...##.##.....###
#.......## #..##...##.##..#..#
##..>..## #.########.##.....#
##...## #.# #.##.#...# **##+#****
#.# #.##.#...# ,,,,,,,,,* #.#
#........# ,***,***,* #.#
####.....#


You could see 2 orc priests, an orc and a ball python.

Vanquished Creatures
  An adder (D:2)
  A dart slug (D:1)
  2 worms (D:2)
  5 endoplasms
  A giant cockroach (D:2)
  7 goblins
  2 hobgoblins (D:1)
  4 jackals (D:2)
  3 kobolds (D:1)
  5 quokkas
  5 ball pythons
  A bat (D:1)
  A frilled lizard (D:3)
  7 rats
45 creatures vanquished.

Vanquished Creatures (others)
  114 foxfires
114 creatures vanquished.

Grand Total: 159 creatures vanquished

Notes
Turn   | Place    | Note
-------+----------+-------------------------------------------
     0 | D:1      | funkygono the Gargoyle Fire Elementalist began the quest
                  | for the Orb.
     0 | D:1      | Reached XP level 1. HP: 10/10 MP: 3/3
    24 | D:1      | Found a faded altar of an unknown god.
   220 | D:1      | Reached XP level 2. HP: 15/15 MP: 3/5
   223 | D:1      | Learned a level 2 spell: Scorch
   697 | D:1      | Reached XP level 3. HP: 19/19 MP: 0/6
   701 | D:1      | Learned a level 3 spell: Conjure Flame
  1407 | D:2      | Found Ocyex's Armour Boutique.
  1641 | D:2      | Found a sparkling altar of Nemelex Xobeh.
  1645 | D:2      | Reached XP level 4. HP: 24/24 MP: 6/8
  2139 | D:3      | Slain by an orc priest

Illustrated notes

Levels and vault maps discovered:
D:1:      pf_arrival_petrified_forest, layout_basic,
          chequers_ecumenical_altar_island
D:2:      layout_basic, serial_shops, nicolae_shop_advertising_works
          [nicolae_subvault_shop_adworks], chequers_arboretum,
          kennysheep_flooded_box
D:3:      layout_loops_corners

Skill      XL: |  1  2  3 |
---------------+----------+-----
Spellcasting   | 3 |  3.1
Maces & Flails | |  0.1
Dodging        | |  1.7
Stealth        | |  2.1
Conjurations   | |  1.6
Fire Magic     | |  3.7

Action                   |  1- 3 |  4- 6 || total
-------------------------+-------+-------++-------
Melee: Mace              |     3 |     3 ||     6
 Cast: Foxfire           |    52 |    14 ||    66
       Scorch            |     3 |     3 ||     6
  Use: Potion            |       |     3 ||     3
       Scroll            |       |     2 ||     2
Armor: Robe              |     3 |     2 ||     5
       Skin              |       |    14 ||    14
Dodge: Dodged            |     5 |    13 ||    18
